 Dungeon Crawl Stone Soup version 0.24-a0-361-g57161393b2 (webtiles) character file.

Game seed: 1340981812330380024

71 Iscandelvey the Vexing (level 4, -4/32 HPs)
             Began as a Demonspawn Arcane Marksman on May 26, 2019.
             Was an Initiate of Kikubaaqudgha.
             Slain by a river rat (8 damage)
             ... on level 3 of the Dungeon.
             The game lasted 00:06:29 (3583 turns).

Iscandelvey the Vexing (Demonspawn Arcane Marksman) Turns: 3583, Time: 00:06:30

Health: -4/32      AC:  5    Str: 10    XL:     4   Next: 5%
Magic:  5/5        EV:  9    Int: 16    God:    Kikubaaqudgha [......]
Gold:   116        SH:  8    Dex: 13    Spells: 2/5 levels left

rFire    . . .     SeeInvis .   y - +0 hand axe
rCold    . . .     Gourm    .   v - +2 shield {AC+3}
rNeg     . . .     Faith    .   e - +0 robe
rPois    .         Spirit   .   (no helmet)
rElec    .         Reflect  .   (no cloak)
rCorr    .         Harm     .   (no gloves)
MR       .....                  (no boots)
Stlth    +.........             (no amulet)
HPRegen  0.10/turn              (no ring)
MPRegen  0.09/turn              (no ring)

@: no status effects
A: powered by pain 1
a: Renounce Religion


You were on level 3 of the Dungeon.
You worshipped Kikubaaqudgha.
Kikubaaqudgha was noncommittal.
You were hungry.

You visited 1 branch of the dungeon, and saw 3 of its levels.

You collected 116 gold pieces.

Inventory:

Hand Weapons
 a - a +0 hand crossbow
 i - a +0 dagger
 m - a +0 short sword
 n - a +0 hunting sling
 y - a +0 hand axe (weapon)
Missiles
 d - 14 bolts
 p - 115 stones (quivered)
 w - 19 poisoned darts
Armour
 e - a +0 robe (worn)
 v - a +2 shield of protection (worn)
Jewellery
 r - an uncursed ring of magical power {unknown}
Scrolls
 g - a scroll of amnesia {unknown}
 h - 6 scrolls of teleportation {unknown}
 j - a scroll of remove curse {unknown}
 l - 2 scrolls of magic mapping {unknown}
 o - 3 scrolls of identify {unknown}
 q - 3 scrolls of enchant armour {unknown}
Potions
 b - 2 potions of curing {unknown}
 c - a potion of flight {unknown}
 k - a potion of degeneration {unknown}
 s - a potion of haste {unknown}
 t - a potion of brilliance {unknown}
 u - a potion of mutation {unknown}
Comestibles
 f - 6 rations


   Skills:
 - Level 1.6 Fighting
 - Level 0.6 Short Blades
 * Level 3.0 Crossbows
 + Level 2.0 Dodging
 - Level 0.2 Stealth
 * Level 1.2 Spellcasting
 + Level 3.2 Hexes


You had 2 spell levels left.
You knew the following spells:

 Your Spells              Type           Power        Failure   Level  Hunger
a - Corona                Hex            ##.....      38%         1    ##.....
b - Slow                  Hex            ##......     54%         2    ###....

Your spell library contained the following spells:

 Spells                   Type           Power        Failure   Level  Hunger
 Inner Flame              Hex/Fire       #.......     94%         3    ####...
 Portal Projectile        Hex/Tloc       #.....       94%         3    ####...
 Cause Fear               Hex            ##........   99%         4    #####..
 Leda's Liquefaction      Hex/Erth       #.........   100%        4    #####..


Dungeon Overview and Level Annotations

Branches:
Dungeon (3/15)

Altars:
Elyvilon
Gozag
Kikubaaqudgha
Nemelex Xobeh
Okawaru
Xom

Annotations:
D:3 1 transporter


Innate Abilities, Weirdness & Mutations

You sometimes gain a little power by taking damage.


Message History

You closely miss the river rat. You block the river rat's attack.
You block the river rat's attack. The ball python bites you.
The ball python completely misses you.
Wield which item (- for none, * to show all)? (? for menu, Esc to quit)
y - a +0 hand axe (weapon)
The river rat closely misses you.
You hit the river rat.
The river rat is lightly wounded.
The river rat twitches its whiskers.
The river rat bites you.
* * * LOW HITPOINT WARNING * * *
You barely miss the river rat.
The river rat is lightly wounded.
The river rat bites you.
* * * LOW HITPOINT WARNING * * *
You hit the river rat.
The river rat is heavily wounded.
The river rat bites you!
You die...
Kikubaaqudgha rasps: "You have failed me!
Welcome... death!"

##.....♣♣ ♣♣.....♣♣
##.......♣♣♣.......♣♣
#...≈≈≈...♣...≈≈≈...♣
##..≈≈≈≈≈.....≈≈≈≈≈...
#...≈≈♣≈≈.....≈≈_≈≈...
#...≈≈≈≈≈.....≈≈≈≈≈...
#.$..≈≈≈...♣...≈≈≈...♣
#.........♣♣♣.......♣♣
##.#.@...♣♣ ♣♣.....♣♣
####.##r##♣♣ ♣♣♣.♣♣♣
......SS# ♣♣♣
≈≈.[....# ..≈...)##
≈≈≈≈≈.. ++#≈... #≈≈≈.
#≈.≈.


You could see a river rat and 2 ball pythons.

Vanquished Creatures
  2 oozes
  A worm (D:2)
  3 leopard geckos (D:1)
  An orc (D:3)
  2 ball pythons (D:3)
  3 bats
  3 giant cockroaches (D:1)
  6 goblins
  8 hobgoblins
  3 jackals (D:1)
  3 kobolds
  2 quokkas
  3 frilled lizards
  8 rats
48 creatures vanquished.

Notes
Turn   | Place    | Note
-------+----------+-------------------------------------------
     0 | D:1      | Iscandelvey the Demonspawn Arcane Marksman began the quest
                  | for the Orb.
     0 | D:1      | Reached XP level 1. HP: 15/15 MP: 2/2
   111 | D:1      | Gained mutation: You sometimes gain a little power by
                  | taking damage. [demonic ancestry]
   111 | D:1      | Reached XP level 2. HP: 18/21 MP: 3/3
   485 | D:1      | Reached XP level 3. HP: 12/26 MP: 4/4
   999 | D:1      | Learned a level 2 spell: Slow
  1802 | D:2      | Found an ancient bone altar of Kikubaaqudgha.
  1838 | D:2      | Found a sparkling altar of Nemelex Xobeh.
  2887 | D:2      | Became a worshipper of Kikubaaqudgha
  2928 | D:3      | Found a shimmering altar of Xom.
  3013 | D:3      | Found an iron altar of Okawaru.
  3077 | D:3      | Found a transporter.
  3077 | D:3      | Noticed an ogre
  3103 | D:3      | Found an opulent altar of Gozag.
  3525 | D:3      | Reached XP level 4. HP: 21/32 MP: 5/5
  3535 | D:3      | Found a white marble altar of Elyvilon.
  3583 | D:3      | Slain by a river rat

Levels and vault maps discovered:
D:1:      dpeg_arrival_prison, layout_loops_corners, minivault_19, st_stairs_14,
          minivault_26, minmay_pentomino_q4
D:2:      layout_basic, old_standard_altar, nemelex_xobeh_ov_fountains_minmay
D:3:      layout_basic, lemuel_doored_altar, gammafunk_temple_overflow_arena,
          nicolae_overflow_hidden_temple, first_ration, portal_sewer_entry_e,
          elyvilon_altar_3

Skill      XL: |  1  2  3 |
---------------+----------+-----
Crossbows      | 2 3 |  3.0
Dodging        | 2 |  2.0
Fighting       | |  1.6
Short Blades   | |  0.6
Stealth        | |  0.2
Spellcasting   | |  1.2
Hexes          | |  3.2

Action                   |  1- 3 |  4- 6 || total
-------------------------+-------+-------++-------
Melee: Dagger            |    56 |       ||    56
       Short sword       |   132 |     7 ||   139
       Hand axe          |       |     3 ||     3
 Fire: Hand crossbow     |    41 |       ||    41
 Cast: Slow              |     1 |       ||     1
 Stab: Sleeping          |     2 |       ||     2
  Eat: Chunk             |     5 |       ||     5
       Ration            |     1 |       ||     1
Armor: Robe              |    35 |     2 ||    37
Dodge: Dodged            |   127 |     5 ||   132
Block: Shield            |    50 |     3 ||    53

Table legend:
 A = Non-vault XP
 B = Vault XP
 C = Vault XP percentage of total XP
 D = Non-vault monster count
 E = Vault monster count
 F = Vault count percentage of total count
                 A         B        C        D         E       F
            +---------+---------+-------+---------+---------+-------
      Total |      94 |       8 |   7.8 |      43 |       5 |  10.4
            +---------+---------+-------+---------+---------+-------
        D:1 |      47 |       8 |  14.5 |      25 |       5 |  16.7
        D:2 |      14 |       0 |   0.0 |       3 |       0 |   0.0
        D:3 |      33 |       0 |   0.0 |      15 |       0 |   0.0
            +---------+---------+-------+---------+---------+-------
